 Dungeon Crawl Stone Soup version 0.31-a0-662-g684573625c (webtiles) character file.

Game seed: 18279832068843833168

104 jlumianski the Trooper (level 4, -2/5 HPs)
             Began as a Demonspawn Fighter on Sept 2, 2023.
             Slain by a scorpion (7 damage)
             ... on level 4 of the Dungeon.
             The game lasted 00:09:15 (2540 turns).

jlumianski the Trooper (Demonspawn Fighter)         Turns: 2540, Time: 00:09:18

Health: -2/5       AC:  1    Str: 29    XL:     4   Next: 52%
Magic:  4/4        EV:  7    Int:  9    God:
Gold:   110        SH:  0    Dex: 12    Spells: 3/3 levels left

rFire   + + .        a - melded +0 war axe
rCold   x . .        c - melded +0 buckler
rNeg    . . .        i - melded +0 chain mail
rPois   +            e - melded +0 helmet
rElec   .            (cloak currently unavailable)
rCorr   .            (gloves currently unavailable)
SInv    .            q - melded +0 pair of boots
Will    .....        (no amulet)
Stlth   +            (no ring)
HPRegen 0.20/turn    (no ring)
MPRegen 0.09/turn

%: no passive effects
@: short of breath, dragon-form, flying
A: dragon claw, dragon scales, breathe fire, flying, reduced hp, giant, powered
by pain 2
a: Breathe Fire, Begin Untransformation


You were on level 4 of the Dungeon.
You were a fearsome dragon!
You visited 1 branch of the dungeon, and saw 4 of its levels.

You collected 110 gold pieces.

Inventory:

Hand Weapons
 a - a +0 war axe (melded)
 j - a +2 dagger of venom
 y - a +1 dagger of electrocution
Missiles
 k - 2 boomerangs (quivered)
 l - 17 stones
Armour
 b - a +0 scale mail
 c - a +0 buckler (melded)
 e - a +0 helmet (melded)
 i - a +0 chain mail (melded)
 q - a +0 pair of boots (melded)
Talismans
 f - a flux talisman
 s - a blade talisman
 x - a dragon-blood talisman (active)
Scrolls
 g - a scroll of teleportation
 m - a scroll of vulnerability {unknown}
 p - 2 scrolls of identify {unknown}
 v - a scroll of noise {unknown}
 A - a scroll of revelation {unknown}
Potions
 d - a potion of might
 h - a potion of cancellation {unknown}
 n - a potion of haste {unknown}
 o - a potion of degeneration {unknown}
 r - a potion of lignification {unknown}
 t - a potion of invisibility {unknown}
 u - a potion of magic {unknown}
 w - a potion of resistance {unknown}
 z - a potion of curing {unknown}


   Skills:
 + Level 3.6 Fighting
 - Level 2.8 Axes
 - Level 3.1 Armour
 + Level 0.8 Dodging
 - Level 3.2 Shields
 * Level 0.1 Unarmed Combat
 * Level 0.1 Shapeshifting


You had 3 spell levels left.
You didn't know any spells.
Your spell library contained the following spells:

 Spells                   Type           Power      Damage    Failure   Level
 Cigotuvi's Dreadful Rot  Necr/Pois/Air  0%         N/A       52%         2
 Ignite Poison            Fire/Tmut/Pois 0%         N/A       77%         3
 Freezing Cloud           Conj/Ice/Air   0%         6-21      100%        5


Dungeon Overview and Level Annotations

Branches:
Dungeon (4/15)
 Temple: D:4-7

Altars:
Ru


Innate Abilities, Weirdness & Mutations

You are a fearsome dragon!
You have a powerful clawing attack.
Your giant scaled body is strong and resilient, but less evasive.
You can breathe fire.
You are flying.
Your maximum health is decreased, since you lack skill for your form.
Your armour is entirely melded.
You are incapable of wielding weapons or throwing items.
You sometimes gain power by taking damage.


Message History

Your +0 helmet melds into your body.
Your +0 pair of boots melds into your body.
Your +0 buckler melds into your body.
Your +0 chain mail melds into your body.
HP restored.
Okay, then.
A hobgoblin comes into view.
The hobgoblin shouts!
Aiming: Breathe Fire (1% risk of failure)
Press: ? - help, Shift-Dir - straight line, f - hobgoblin
Aim: a hobgoblin (68% to hit)
You breathe a blast of fire.
The fiery breath hits the hobgoblin!
You kill the hobgoblin!
You have got your breath back.
A - a scroll labelled ZUNTEIL UDIJAM
Okay, then.
Unknown command.
Done exploring.
What level of the Dungeon? (default 3, ? - help)
There is a stone staircase leading down here.
You fly downwards.
There is a stone staircase leading up here.
Found an escape hatch in the ceiling.
Found a stone staircase leading down.
Found a stone staircase leading down.
You now have 110 gold pieces (gained 5).
Found a scale mail.
There is an escape hatch in the ceiling here.
A scorpion comes into view.
Okay, then.
Unknown command.
Unknown command.
Unknown command.
Aiming: Breathe Fire (1% risk of failure)
Press: ? - help, Shift-Dir - straight line, f - scorpion
Aim: a scorpion (68% to hit)
You breathe a blast of fire.
The fiery breath misses the scorpion.
A giant cockroach comes into view.
The scorpion stings you!
Ouch! That really hurt!
You die...

#.#.#......#.#.
#...#.>.##.... ..#
##..........## ..#
......##.....# #.#
.............#######.##
.......<..............##
........#####...........
.##[.##..##..........##.
#.....D..#.............
B......s............<###
...........#.#########
.#.....>..#..#
#........#.##
....ยง...... #
............
.#........###


You could see a scorpion and a giant cockroach.

Vanquished Creatures
  5 adders (D:3)
  2 worms
  3 dart slugs
  An orc (D:3)
  2 endoplasms
  3 giant cockroaches (D:2)
  9 goblins
  5 hobgoblins
  2 quokkas
  4 ball pythons
  2 frilled lizards
  3 kobolds (D:1)
  3 rats
44 creatures vanquished.

Notes
Turn   | Place    | Note
-------+----------+-------------------------------------------
     0 | D:1      | jlumianski the Demonspawn Fighter began the quest for the
                  | Orb.
     0 | D:1      | Reached XP level 1. HP: 18/18 MP: 1/1
   135 | D:1      | Gained mutation: You sometimes gain a little power by
                  | taking damage. [demonic ancestry]
   135 | D:1      | Reached XP level 2. HP: 14/24 MP: 2/2
   705 | D:2      | Gained mutation: You sometimes gain power by taking damage.
                  | [demonic ancestry]
   705 | D:2      | Reached XP level 3. HP: 26/29 MP: 3/3
  1554 | D:3      | Reached XP level 4. HP: 35/35 MP: 4/4
  2085 | D:3      | Found a sacrificial altar of Ru.
  2537 | D:4      | Noticed a scorpion
  2540 | D:4      | Slain by a scorpion

Illustrated notes

Levels and vault maps discovered:
D:1:      spicycebolla_arrival_ecumenical, layout_basic, minmay_misc_feat_chi
D:2:      layout_loops_ring, kennysheep_path_1, minmay_misc_feat_pillars,
          minmay_fountain_box, chequers_serial_rivers_large_a,
          nicolae_elevator_lobby_asterisk
D:3:      layout_basic, nicolae_ru_sacrificial_ziggurat, kennysheep_doodads,
          st_stairs_9, nicolae_half_adder
D:4:      layout_rooms, serial_shops, nicolae_shop_peninsula,
          nicolae_square_shop, nicolae_shop_stone, nicolae_shop_behind_doors,
          serial_glass, glass_columns_c, glass_columns_c, st_stairs_5

Skill      XL: |  1  2 |
---------------+-------+-----
Armour         | 3 |  3.1
Shields        | 3 |  3.2
Axes           | 2 |  2.8
Fighting       | |  3.6
Dodging        | |  0.8
Unarmed Combat | |  0.1
Shapeshifting  | |  0.1

Action                     |  1- 3 |  4- 6 || total
---------------------------+-------+-------++-------
  Melee: War axe           |   101 |    33 ||   134
Ability: Breathe Fire      |       |     2 ||     2
    Use: Scroll            |     1 |       ||     1
 Armour: Scale mail        |    20 |       ||    20
         Chain mail        |    58 |    28 ||    86
         Skin              |       |     1 ||     1
  Dodge: Dodged            |    44 |     8 ||    52
  Block: Buckler           |    18 |    11 ||    29
   Form: Dragon            |       |     1 ||     1

Table legend: (Time is in decaauts)
 A = Elapsed time spent in this place.
 B = Non-inter-level travel time spent in this place.
 C = Inter-level travel time spent in this place.
 D = Time resting spent in this place.
 E = Time spent auto-exploring this place.
 F = Levels seen in this place.
 G = Mean time per level.
                   A        B        C        D        E       F      G
               +--------+--------+--------+--------+--------+-----+--------+
         Total |   2612 |   2507 |    105 |      0 |   1761 |   4 |  653.0 |
       Dungeon |   2612 |   2507 |    105 |      0 |   1761 |   4 |  653.0 |
               +--------+--------+--------+--------+--------+-----+--------+

Top non-repeatable levels by time:
     D:3: 1106 daAuts
     D:2: 809 daAuts
     D:1: 665 daAuts
     D:4: 31 daAuts
